 Dungeon Crawl Stone Soup version 0.30-a0-40-gc6d0f036a7 (webtiles) character file.

Game seed: 254720167990914800

688 SensoryNuts the Cleaver (level 7, -9/60 HPs)
             Began as a Hill Orc Fighter on Aug 29, 2022.
             Mangled by an ogre
             ... wielding a +0 giant club
              (13 damage)
             ... on level 5 of the Dungeon.
             The game lasted 00:04:50 (4695 turns).

SensoryNuts the Cleaver (Hill Orc Fighter)          Turns: 4695, Time: 00:04:51

Health: -9/60      AC: 12    Str: 21    XL:     7   Next: 62%
Magic:  7/7        EV:  6    Int:  8    God:
Gold:   196        SH:  4    Dex: 10    Spells: 6/6 levels left

rFire   . . .      SeeInvis .    a - +0 war axe
rCold   . . .      Faith    .    c - +0 buckler
rNeg    . . .      Spirit   .    j - +0 plate armour
rPois   .          Reflect  .    (no helmet)
rElec   .          Harm     .    (no cloak)
rCorr   .          Rampage  .    (no gloves)
Will    .....                    (no boots)
Stlth   ..........               k - amulet of regeneration
HPRegen 1.00/turn                b - ring of flight
MPRegen 0.10/turn                (no ring)

@: mighty, flying, hasted, very quick
A: no striking features
a: no special abilities


You were on level 5 of the Dungeon.
You visited 2 branches of the dungeon, and saw 6 of its levels.
You also visited: Sewer.

You collected 196 gold pieces.

Inventory:

Hand Weapons
 a - a +0 war axe (weapon)
Armour
 c - a +0 buckler (worn)
 j - a +0 plate armour (worn)
 l - a +1 pair of gloves
Jewellery
 b - a ring of flight (left hand)
 e - a ring of magical power
 k - an amulet of regeneration (around neck)
 m - an amulet of magic regeneration
Wands
 r - a wand of paralysis (6)
Scrolls
 i - a scroll of teleportation
 n - a scroll of amnesia
 s - a scroll of fog {unknown}
 u - a scroll of identify
 v - 2 scrolls of immolation {unknown}
Potions
 f - 2 potions of brilliance
 g - a potion of lignification
 h - 4 potions of curing
 o - 2 potions of haste
 p - 2 potions of cancellation
 q - a potion of mutation {unknown}
 t - a potion of heal wounds {unknown}


   Skills:
 + Level 4.9 Fighting
 * Level 8.8 Axes
 + Level 5.0 Armour
 + Level 0.3 Dodging
 + Level 0.1 Stealth
 + Level 3.9 Shields


You had 6 spell levels left.
You didn't know any spells.
Your spell library contained the following spells:

 Spells                   Type           Power      Damage    Failure   Level
 Foxfire                  Conj/Fire      0%         2x1d4     100%        1
 Freeze                   Ice            0%         1d3       100%        1
 Sublimation of Blood     Necr           0%         N/A       100%        2
 Wereblood                Tmut           0%         N/A       100%        2
 Conjure Flame            Conj/Fire      0%         6-21      100%        3
 Frozen Ramparts          Ice            0%         1d1       100%        3
 Gell's Gravitas          Tloc           0%         N/A       100%        3
 Inner Flame              Hex/Fire       0%         N/A       100%        3
 Lesser Beckoning         Tloc           0%         N/A       100%        3
 Teleport Other           Tloc           0%         N/A       100%        3
 Flame Wave               Conj/Fire      0%         2d4       100%        4
 Hailstorm                Conj/Ice       0%         3d3       100%        4
 Petrify                  Tmut/Erth      0%         N/A       100%        4
 Blade Hands              Tmut           0%         N/A       100%        5
 Fireball                 Conj/Fire      0%         3d3       100%        5
 Irradiate                Conj/Tmut      0%         3d11      100%        5
 Starburst                Conj/Fire      0%         6d3       100%        6
 Dragon Form              Tmut           0%         N/A       100%        7
 Summon Hydra             Summ           0%         N/A       100%        7
 Ignition                 Fire           0%         3d3       100%        8


Dungeon Overview and Level Annotations

Branches:
Dungeon (5/15)             Temple (1/1) D:4           Sewer (visited)

Altars:
Ashenzari
Cheibriados
Dithmenos
Elyvilon
Fedhas
Gozag
Kikubaaqudgha
Nemelex Xobeh
Qazlal
Ru
Sif Muna
Trog
Uskayaw
Vehumet
Wu Jian
Xom
The Shining One

Shops:
D:4 !


Message History

The shadow imp hits you but does no damage. x2
Your Armour skill increases to level 5!
You slash the shadow imp!
You kill the shadow imp!
No target in view!
Found 2 large rocks.
v - 2 scrolls labelled JUMPURAGEI (gained 1)
Found 19 stones.
No target in view!
Found a large rock.
Found a large rock.
Found a large rock.
An ogre comes into view. It is wielding a +0 giant club.
Found a large rock and 5 stones.
The ogre shouts!
An ogre comes into view. It is wielding a +0 giant spiked club.
The ogre moves out of view.
You see here a large rock.
Found a large rock.
You see here a large rock.
You hit the ogre.
The ogre is lightly wounded.
The ogre hits you with a +0 giant spiked club!
You closely miss the ogre.
The ogre is lightly wounded.
Okay, then.
The ogre attacks as you move away! The ogre hits you with a +0 giant club!
You feel very mighty all of a sudden. The ogre hits you but does no damage.
You block the ogre's attack.
You see here a large rock.
You hit the ogre.
The ogre is lightly wounded.
You slash the ogre! The ogre hits you with a +0 giant club!
The ogre closely misses you.
You slash the ogre!
The ogre is heavily wounded.
The ogre hits you with a +0 giant spiked club!!
* * * LOW HITPOINT WARNING * * *
You feel yourself speed up. The ogre hits you with a +0 giant club!
You die...

.#######...#####.#.#..# #
...................#..#.#
.(8.(.8(...............#
.#..(#..(#........#..####
...#.(.#(..########..####
.8...)..(8.# #...#..
#((.#(..# #.#.#..
#(OO#.########....†.
#(..(.#@.........###....
###...#....#####........
#####............#..#.
#####.#.##.##...#....
......#..#.##...##.#.
#...................
#..............##...
#.#..#.........#####
................#


You could see 2 ogres.

Vanquished Creatures
  A black bear (D:5)
  An ogre (D:4)
  A phantom (D:5)
  A jelly (D:5)
  3 hounds (D:5)
  An iguana (D:4)
  An orc wizard (D:4)
  8 adders
  5 river rats (Sewer)
  A shadow imp (D:5)
  An ufetubus (D:4)
  2 worms
  3 dart slugs
  8 orcs
  12 endoplasms
  5 giant cockroaches
  2 goblins
  10 hobgoblins
  4 jackals (D:2)
  22 kobolds
  3 quokkas
  11 ball pythons
  5 bats
  6 frilled lizards
  12 rats
129 creatures vanquished.

Vanquished Creatures (others)
  5 plants (D:1)
5 creatures vanquished.

Grand Total: 134 creatures vanquished

Notes
Turn   | Place    | Note
-------+----------+-------------------------------------------
     0 | D:1      | SensoryNuts the Hill Orc Fighter began the quest for the
                  | Orb.
     0 | D:1      | Reached XP level 1. HP: 19/19 MP: 1/1
   561 | D:1      | Reached skill level 3 in Axes
   561 | D:1      | Reached XP level 2. HP: 19/27 MP: 2/2
  1019 | D:1      | Found a faded altar of an unknown god.
  1086 | D:1      | Reached XP level 3. HP: 33/33 MP: 3/3
  2018 | D:2      | Reached skill level 4 in Axes
  2018 | D:2      | Reached XP level 4. HP: 26/40 MP: 4/4
  2891 | D:3      | Found a glowing drain.
  2956 | Sewer    | Entered a sewer
  3027 | Sewer    | Reached XP level 5. HP: 47/47 MP: 5/5
  3064 | Sewer    | Reached skill level 5 in Axes
  3729 | D:4      | Found a sparkling altar of Nemelex Xobeh.
  3741 | D:4      | Found Vycw's Distillery.
  3793 | D:4      | Noticed an ogre
  3800 | D:4      | Killed an ogre
  3801 | D:4      | Reached skill level 6 in Axes
  3801 | D:4      | Reached XP level 6. HP: 40/53 MP: 6/6
  3880 | D:4      | Reached skill level 7 in Axes
  3963 | D:4      | Found a sacrificial altar of Ru.
  4026 | D:4      | Found a staircase to the Ecumenical Temple.
  4138 | D:4      | Found a shimmering blue altar of Sif Muna.
  4254 | Temple   | Entered the Ecumenical Temple
  4398 | D:5      | Entered Level 5 of the Dungeon
  4489 | D:5      | Reached XP level 7. HP: 55/60 MP: 7/7
  4601 | D:5      | Reached skill level 8 in Axes
  4662 | D:5      | Reached skill level 5 in Armour
  4680 | D:5      | Found the +6 shillelagh "Devastator" {shatter}
  4694 | D:5      | HP: 3/60 [ogre/+0 giant spiked club (21)]
  4695 | D:5      | Mangled by an ogre

Illustrated notes

Levels and vault maps discovered:
D:1:      eino_arrival_water_star, layout_loops_ring,
          hellmonk_ecumenical_altar_pennies_from_heaven, chequers_big_river,
          nrook_uturn
D:2:      layout_loops_ring
D:3:      layout_loops_cross, portal_sewer_entry_d, kennysheep_big_empty_room,
          nicolae_concentric_dashed_squares_wild
D:4:      layout_gridville, lemuel_tele_altar, nicolae_ru_the_path_less_chosen,
          lemuel_blue_sif_altar, temple_statues, serial_shops,
          nicolae_diamond_shop, minmay_checkerbox
D:5:      layout_loops_cross, nicolae_hepliaklqana_hippocampus,
          dilly_guarded_unrand_devastator
Temple:   compressed_dpeg_circular_temple

Skill      XL: |  1  2  3  4  5  6  7 |
---------------+----------------------+-----
Axes           | 3 4 6 7 8 |  8.8
Fighting       | 4 |  4.9
Armour         | 4 5 |  5.0
Dodging        | |  0.3
Stealth        | |  0.1
Shields        | |  3.9

Action                   |  1- 3 |  4- 6 |  7- 9 || total
-------------------------+-------+-------+-------++-------
Melee: War axe           |   120 |   213 |    28 ||   361
  Use: Scroll            |     2 |     7 |       ||     9
       Potion            |       |     1 |     2 ||     3
Armor: Scale mail        |    42 |    31 |       ||    73
       Plate armour      |       |   132 |    41 ||   173
Dodge: Dodged            |    65 |    75 |    12 ||   152
Block: Buckler           |    23 |    37 |     9 ||    69

Table legend: (Time is in decaauts)
 A = Elapsed time spent in this place.
 B = Non-inter-level travel time spent in this place.
 C = Inter-level travel time spent in this place.
 D = Time resting spent in this place.
 E = Time spent auto-exploring this place.
 F = Levels seen in this place.
 G = Mean time per level.
                   A        B        C        D        E       F      G
               +--------+--------+--------+--------+--------+-----+--------+
         Total |   4809 |   4626 |    183 |      0 |   3656 |   7 |  687.0 |
       Dungeon |   4259 |   4076 |    183 |      0 |   3330 |   5 |  851.8 |
        Temple |     88 |     88 |      0 |      0 |     56 |   1 |   88.0 |
         Sewer |    461 |    461 |      0 |      0 |    270 |   1 |  461.0 |
               +--------+--------+--------+--------+--------+-----+--------+

Top non-repeatable levels by time:
     D:1: 1640 daAuts
     D:2: 866 daAuts
     D:3: 812 daAuts
     D:4: 637 daAuts
   Sewer: 461 daAuts
     D:5: 302 daAuts
  Temple: 88 daAuts
